AoeStats
← Hurrynd

Arabia

505380194Analyzed
3v3 RM · 25d ago on Sep 9, 2026· 61m 54s· 6 players
Game mode
Random Map
Map size
Normal (6 player)
Population
200
Speed
Normal
Resources
Standard
Victory
Conquest
Starting age
Dark Age
Ending age
Imperial Age
RankedLock teamsTeams togetherTeam positionsShared explorationLock speedFull tech treeHidden civsTurbo modeCheats
Victory
Defeat
🇨🇴 Lithuanians · Colombia
809
+13
🇹🇷 Turks · Türkiye
765
+15
🇲🇽 Poles · Mexico
734
+17
🇲🇽 Mongols · Mexico
851
-19
🇲🇽 Sicilians · Mexico
706
-14
🇲🇽 Vietnamese · Mexico
690
-13
Hurrynd
12:01 Feudal Age
16:28 Castle Age
16:33 Fletching
17:26 Double-Bit Axe
17:22 Horse Collar
18:34 Heavy Plow
21:17 Wheelbarrow
20:33 Loom
21:16 Bodkin Arrow
23:09 Hand Cart
23:20 Padded Archer Armor
24:15 Stone Mining
24:15 Gold Mining
26:09 Leather Archer Armor
28:49 Thumb Ring
30:34 Bloodlines
30:24 Husbandry
31:25 Town Watch
33:09 Gold Shaft Mining
35:52 Imperial Age
33:33 Murder Holes
33:41 Town Patrol
37:37 Parthian Tactics
37:17 Bracer
38:23 Chemistry
40:44 Hoardings
40:34 Pikeman
41:15 Squires
45:05 Forging
45:01 Scale Barding Armor
44:59 Scale Mail Armor
50:15 Ballistics
checoc
2:16 Loom
11:01 Feudal Age
12:34 Wheelbarrow
14:09 Double-Bit Axe
21:05 Town Watch
22:45 Stone Mining
27:24 Castle Age
25:20 Gold Mining
25:24 Horse Collar
30:04 Stone Shaft Mining
30:05 Gold Shaft Mining
29:52 Hand Cart
38:46 Bow Saw
49:28 Imperial Age
56:39 Heavy Plow
artanisz1
8:53 Loom
12:16 Feudal Age
14:03 Double-Bit Axe
16:35 Fletching
21:24 Padded Archer Armor
23:22 Wheelbarrow
28:42 Castle Age
26:25 Horse Collar
27:28 Stone Mining
27:28 Arson
28:21 Gold Mining
30:09 Bodkin Arrow
29:39 Pikeman
30:21 Squires
31:52 Heavy Plow
31:42 Town Watch
33:38 Town Patrol
35:45 Bow Saw
36:28 Thumb Ring
37:36 Hand Cart
38:45 Ballistics
37:54 Crossbowman
39:51 Leather Archer Armor
42:23 Forging
42:14 Scale Mail Armor
45:22 Imperial Age
45:21 Iron Casting
45:31 Arbalester
46:46 Bracer
47:03 Halberdier
49:52 Paper Money
53:56 Elite Rattan Archer
GjulianP
6:35 Loom
9:55 Feudal Age
22:50 Castle Age
21:28 Wheelbarrow
21:05 Double-Bit Axe
23:39 Husbandry
24:10 Gold Mining
33:50 Bow Saw
36:44 Imperial Age
35:36 Hand Cart
35:53 Padded Archer Armor
35:44 Fletching
36:08 Thumb Ring
37:08 Leather Archer Armor
36:18 Elite Skirmisher
37:59 Conscription
38:17 Bodkin Arrow
38:44 Fortified Wall
38:45 Masonry
40:08 Two-Man Saw
40:21 Caravan
43:10 Ring Archer Armor
42:41 Bracer
44:16 Elite Leitis
45:54 Architecture
46:04 Scale Mail Armor
46:15 Forging
46:12 Scale Barding Armor
46:42 Horse Collar
48:03 Chain Barding Armor
50:36 Squires
49:57 Pikeman
50:22 Arson
52:19 Plate Barding Armor
52:06 Ballistics
52:47 Chemistry
51:28 Treadmill Crane
51:39 Heated Shot
51:44 Town Watch
52:30 Capped Ram
54:22 Scale Mail Armor
54:32 Forging
58:55 Guilds
59:15 Coinage
58:40 Guard Tower
58:45 Murder Holes
59:11 Bombard Tower
60:55 Town Patrol
61:15 Chain Mail Armor
61:35 Iron Casting
61:35 Banking
Legolas
4:15 Loom
12:52 Feudal Age
22:29 Castle Age
35:20 Wheelbarrow
37:29 Hand Cart
39:27 Double-Bit Axe
39:39 Stone Mining
39:39 Gold Mining
39:38 Horse Collar
43:44 Imperial Age
43:02 Town Watch
45:57 Conscription
45:58 Fortified Wall
54:11 Bow Saw
54:55 Ballistics
54:16 Treadmill Crane
55:30 Padded Archer Armor
55:21 Fletching
57:02 Heavy Plow
57:29 Leather Archer Armor
57:10 Bodkin Arrow
57:40 Forging
57:36 Scale Barding Armor
57:33 Scale Mail Armor
57:42 Thumb Ring
58:06 Parthian Tactics
59:42 Ring Archer Armor
59:13 Bracer
59:48 Iron Casting
61:17 Chain Barding Armor
61:13 Chain Mail Armor
60:22 Heavy Cavalry Archer
62:44 Plate Barding Armor
63:09 Blast Furnace
63:25 Two-Man Saw
LoudNewt1488
0:48 Loom
11:42 Feudal Age
13:23 Wheelbarrow
12:34 Town Watch
12:42 Double-Bit Axe
18:20 Bloodlines
24:54 Forging
24:50 Scale Barding Armor
25:40 Horse Collar
31:27 Castle Age
30:30 Stone Mining
30:30 Gold Mining
31:34 Light Cavalry
32:53 Iron Casting
32:39 Chain Barding Armor
32:24 Husbandry
33:39 Hand Cart
33:25 Town Patrol
36:34 Heavy Plow
36:48 Bow Saw
37:21 Stone Shaft Mining
36:51 Fletching
51:08 Imperial Age
49:08 Bodkin Arrow
49:13 Scale Mail Armor
51:13 Winged Hussar
52:56 Blast Furnace
52:22 Lechitic Legacy
58:43 Conscription
59:01 Hoardings
59:35 Bracer
61:16 Treadmill Crane
61:31 Murder Holes
61:23 Arrowslits
61:48 Masonry
62:40 Chemistry
61:54 Elite Obuch
Connection lost

Rejoining the realm…

Still unreachable

The connection could not be restored.

Session expired

The server has moved on; the page needs a fresh start.